 Dungeon Crawl Stone Soup version 0.10.2-40-g36e0077 character file.

251234 EclecticTastes the Severer (level 22, -3/155 (164) HPs)
             Began as a Hill Orc Priest on Oct 8, 2012.
             Was the Champion of Beogh.
             Slain by an acid blob (18 damage)
             ... on Level 6 of the Pits of Slime on Oct 20, 2012.
             The game lasted 11:41:18 (54489 turns).

EclecticTastes the Severer (Hill Orc Priest)       Turns: 54489, Time: 11:41:19

HP  -3/155 (164) AC 32     Str 22      XL: 22   Next: 25%
MP  35/35        EV  7     Int 16      God: Beogh [******]
Gold 499         SH 31     Dex 18      Spells:  0 memorised, 21 levels left

Res.Fire  : . . .   See Invis. : .   j - +5,+8 orc hand axe (freeze)
Res.Cold  : . . .   Warding    : . . E - +1 orc plate armour
Life Prot.: . . .   Conserve   : +   U - -1 shield {AC+3}
Res.Acid. : + + .   Res.Corr.  : +   n - +2 helmet
Res.Poison: +       Clarity    : .   m - +0 cloak {rCorr, Cons}
Res.Elec. : .       Spirit.Shd : .   v - +1 pair of gloves "Jamootuy" {Str+4 Dex+4
Sust.Abil.: . .     Stasis     : .   X - +2 pair of boots {Stlth+}
Res.Mut.  : .       Ctrl.Telep.: x   Z - amulet of Summer {rCorr +Inv MR Str-2}
Res.Rott. : .       Levitation : .   b - ring of regeneration
Saprovore : + . .   Ctrl.Flight: .   K - ring of poison resistance

@: very resistant to hostile enchantments, extremely unstealthy
A: walk on water, blurry vision 1, deformed body, -20% hp, saprovore 1, Str -2,
Int -1, Dex +1
a: Smiting, Recall Orcish Followers, Renounce Religion, Evoke Invisibility


You were on level 6 of the Pits of Slime.
You worshipped Beogh.
Beogh was exalted by your worship.
You were not hungry.

You visited 5 branches of the dungeon, and saw 49 of its levels.
You visited the Abyss 1 time.
You visited 1 Labyrinth.
You visited 1 bazaar.
You visited 1 portal chamber: bailey.

You collected 4514 gold pieces.
You spent 4035 gold pieces at shops.

Inventory:

Hand weapons
 j - a +5,+8 orcish hand axe of freezing (weapon)
Armour
 m - a +0 cloak of preservation (worn)
 n - a +2 helmet (worn)
 v - the +1 pair of gloves "Jamootuy" (worn) {Str+4 Dex+4 Int+5}
   (You found it in a Labyrinth)

   It affects your strength (+4).
   It affects your intelligence (+5).
   It affects your dexterity (+4).
 E - a +1 orcish plate armour (worn)
 U - a -1 shield of protection (worn)
 X - a +2 pair of boots of stealth (worn)
Magical devices
 g - a wand of disintegration (8)
 r - a wand of confusion (13)
 s - a wand of disintegration (5)
 x - a wand of disintegration (5)
 I - a wand of lightning (8) {unknown}
 O - a wand of frost (12)
 P - a wand of cold (1)
 T - a wand of fire (0)
 Y - a wand of digging (17)
Comestibles
 h - 5 meat rations
 z - 6 honeycombs
 L - 14 bread rations
Scrolls
 e - 2 scrolls of fog
 q - 2 scrolls of fear
 A - 14 scrolls of remove curse
 D - 8 scrolls of teleportation
 W - a scroll of holy word
Jewellery
 a - an uncursed ring of protection from cold {unknown}
 b - a ring of regeneration (right hand)
 f - an uncursed ring of protection from magic
 i - the brooch of Shielding {Ward AC+4 EV+4}
   (You found it on level 5 of the Dungeon)

   [amulet of warding]

   It affects your AC (+4).
   It affects your evasion (+4).
   Back in the good old days, every adventurer had one of these handy devices.
   That, and a pony.
 k - an uncursed ring of life protection
 l - an uncursed ring of sustain abilities
 p - the ring "Caejeowuj" {rPois rN+ SInv Stlth++}
   (You found it on level 1 of the Lair of Beasts)

   [ring of poison resistance]

   It protects you from negative energy.
   It enhances your eyesight.
   It makes you much more stealthy.
 C - an uncursed ring of teleport control
 F - the amulet "Wilunwen" {cFly +Inv +Lev MR}
   (You bought it in a shop on level 24 of the Dungeon)

   [amulet of controlled flight]

   It increases your resistance to enchantments.
   It lets you turn invisible.
   It lets you levitate.
 K - a ring of poison resistance (left hand)
 M - an uncursed amulet of clarity
 N - a +3 ring of protection
 R - an uncursed ring of sustenance
 Z - the amulet of Summer (around neck) {rCorr +Inv MR Str-2}
   (You bought it in a shop on level 24 of the Dungeon)

   [amulet of resist corrosion]

   It affects your strength (-2).
   It increases your resistance to enchantments.
   It lets you turn invisible.
Potions
 d - a potion of invisibility
 u - 4 potions of curing
 w - a potion of speed
 G - 2 potions of agility
 H - 5 potions of berserk rage
 J - 2 potions of resistance
 Q - 4 potions of might
Books
 y - a book of Air

   Spells                             Type                      Level
   Shock                              Conjuration/Air              1
   Swiftness                          Charms/Air                   2
   Repel Missiles                     Charms/Air                   2
   Flight                             Charms/Air                   3
   Static Discharge                   Conjuration/Air              3
   Lightning Bolt                     Conjuration/Air              5
 S - a book of Unlife

   Spells                             Type                      Level
   Recall                             Summoning/Translocation      3
   Animate Dead                       Necromancy                   4
   Control Undead                     Necromancy                   4
   Twisted Resurrection               Necromancy                   5
   Simulacrum                         Ice/Necromancy               6
   Death Channel                      Necromancy                   7
 V - Roxanne's Tome of Ashen Transmutation
   (You found it on level 16 of the Dungeon)

   Spells                             Type                      Level
   Sticks to Snakes                   Transmutation                2
   Condensation Shield                Ice/Transmutation            4
   Dig                                Transmutation/Earth          4
   Leda's Liquefaction                Transmutation/Earth          4
   Blade Hands                        Transmutation                5
Miscellaneous
 o - a lantern of shadows


   Skills:
 * Level 20.3 Fighting
 * Level 20.6 Axes
 * Level 18.5 Armour
 - Level 0.8 Dodging
 - Level 0.1 Stealth
 - Level 2.0 Stabbing
 * Level 17.9 Shields
 + Level 12.2 Traps & Doors
 + Level 12.4 Invocations
 - Level 0.5 Evocations


You had 21 spell levels left.
You didn't know any spells.

Dungeon Overview and Level Annotations

Branches:
Dungeon (27/27)            Temple (0/1) D:5             Orc (4/4) D:7
    Elf (4/5) Orc:3          Lair (8/8) D:11         Shoals (0/5) Lair:5
  Slime (6/6) Lair:8        Snake (0/5) Lair:4        Vault (0/8) D:14
    Zot (0/5) D:27

Altars:
Cheibriados
Elyvilon
Kikubaaqudgha
Makhleb
Nemelex Xobeh
Okawaru
Sif Muna
Trog
Vehumet
Xom
Beogh
Jiyva

Shops:
D:15: ? D:18: [ D:23: [ D:24: = D:25: [ Orc:3: [ Orc:4: ?(*/ Elf:2: % Elf:3: !%(*

Portals:
Hell: D:21 D:22 D:23 D:24 D:25 D:26 D:27 Lair:8
Abyss: D:23 D:25
Pan: D:21 D:22 D:23 D:24
Trove: D:10 (give +3 storm dragon armour)
Ziggurat: D:12 (3350 gp)


Innate Abilities, Weirdness & Mutations

You can walk on water.
You can tolerate rotten meat.
Your vision is a little blurry.
Armour fits poorly on your strangely shaped body.
You are dopey (Int -1).
Your muscles are flexible, but weak (Str -1, Dex +1).
You are very frail (-20% HP).
You are weak (Str -1).


Message History

The acid burns!
You resist.
* * * LOW HITPOINT WARNING * * *
You block the slime creature's attack.
You slash the acid blob! You freeze the acid blob.
You kill the acid blob!
Beogh accepts your kill. You block the acid blob's attack.
The brown ooze hits you!
* * * LOW HITPOINT WARNING * * *
You are splashed with acid!
The acid burns!
You resist.
* * * LOW HITPOINT WARNING * * *
As you read the scroll of fear, it crumbles to dust.
You assume a fearsome visage.
The acid blob easily resists.
The giant eyeball looks frightened!
The brown ooze resists with some effort.
The slime creature looks frightened!
The acid blob hits you but does no damage.
You block the brown ooze's attack.
As you read the scroll of fog, it crumbles to dust.
The scroll dissolves into smoke.
The acid blob hits you!
You die...

........## #.## ##......
.........# #..# ###.......
.........### ##G# #.........
...........# #..# ##.........
...........#####.######..........
.............#.#..#..............
...............§§................
...............§JJ...............
..............§§@§§..............
...............§§§§..............
................§.J..............
.................................
.................................
.................................
.................................
.................................
.................................


You could see an acid blob, a slime creature (fleeing) and a brown ooze.

Vanquished Creatures
  Margery (D:21)
  12 acid blobs
  A storm dragon (D:26)
  Frances (D:27)
  A balrug (D:25)
  A frost giant (D:20)
  A ghoul (D:25)
  6 stone giants
  Dissolution (Slime:3)
  4 azure jellies
  A fire giant (D:27)
  Jozef (Elf:2)
  A deep elf death mage (D:16)
  Azrael (D:17)
  7 yaktaur captains
  An ettin (shapeshifter) (D:27)
  Snorg (D:15)
  2 ettins
  7 great orbs of eyes
  A minotaur (Lab)
  3 dragons
  2 ice dragons
  A death ooze (Slime:3)
  Erica (D:16)
  Harold (Lair:1)
  6 hydras
  A wizard (Lair:8)
  2 alligators (shapeshifter) (D:27)
  A frost giant zombie (D:18)
  A stone giant zombie (D:20)
  4 ogre magi
  9 deep trolls
  An orc high priest (D:23)
  10 death yaks
  2 centaur warriors
  A shadow dragon skeleton (D:24)
  2 soul eaters
  A giant orange brain (shapeshifter) (D:17)
  2 large abominations (Abyss)
  An ice devil (D:23)
  12 deep elf knights
  2 unseen horrors
  4 hill giants
  11 giant amoebae
  A flayed ghost (D:26)
  An unseen horror (shapeshifter) (D:20)
  6 orc knights
  Pikel (D:8)
  A hydra zombie (Lair:8)
  A yaktaur skeleton (D:24)
  An orc sorcerer (D:20)
  A lindwurm (shapeshifter) (D:26)
  Urug (Elf:2)
  6 shining eyes
  3 necromancers
  4 griffons
  2 harpies
  An iron troll skeleton (D:17)
  A hydra skeleton (D:16)
  A sixfirhy (Elf:3)
  A phantasmal warrior (D:27)
  2 cyclopes
  An ettin zombie (D:22)
  2 trapdoor spiders
  2 wolf spiders
  2 feature mimics
  10 spiny frogs
  4 black mambas
  An eye of devastation (Slime:5)
  The ghost of rott3nappl3s the Shield-Bearer, an experienced MiFi (D:4)
  An orange demon (Orc:4)
  A spiny frog (shapeshifter) (D:17)
  9 elephants (Lair:3)
  44 slime creatures
  4 hellwings (Lair:8)
  A spiny worm zombie (D:20)
  12 yaktaurs
  2 rock trolls
  A hill giant zombie (D:13)
  6 trolls
  3 komodo dragons
  Grinder (D:3)
  Sonja (Elf:3)
  19 ugly things
  2 smoke demons
  An efreet (Abyss)
  8 two-headed ogres
  2 deep troll skeletons
  A queen bee (Lair:7)
  5 blink frogs (Lair:4)
  A snapping turtle (Lair:5)
  An orc zombie (D:24)
  4 brown oozes
  A merfolk zombie (Abyss)
  A wyvern (shapeshifter) (D:16)
  51 yaks
  A basilisk (Lair:6)
  A vampire (D:17)
  7 deep elf conjurers
  4 golden eyes
  A wraith (Abyss)
  A ynoxinul (Abyss)
  3 wyverns
  3 hippogriffs
  A blink frog skeleton (D:12)
  Grum (D:13)
  3 fire drakes (Lair:8)
  A steam dragon (Lair:5)
  9 deep elf summoners
  A fire elemental (D:17)
  3 hungry ghosts
  A rock worm (D:17)
  A neqoxec (Abyss)
  8 war dogs
  5 vampire mosquitoes
  14 deep elf fighters
  2 draconians (shapeshifter)
  Edmund (D:8)
  A giant slug zombie (D:18)
  An item mimic (Elf:1)
  A hell hound (D:27)
  Menkaure (D:6)
  3 deep elf priests
  8 orc warriors
  2 freezing wraiths
  5 small abominations
  2 slaves (D:8)
  3 ice beasts (D:13)
  2 red devils
  A yak zombie (Lair:8)
  A sky beast (D:20)
  A phantom (D:13)
  15 ogres
  14 big kobolds
  A boring beetle (Lair:8)
  12 crocodiles
  A rotting devil (Lair:8)
  6 centaurs
  3 giant slugs
  7 wargs
  A boulder beetle zombie (D:20)
  A yaktaur simulacrum (D:20)
  15 giant frogs
  A silver statue (Elf:2)
  A water moccasin zombie (D:20)
  A warg zombie (Orc:4)
  11 deep elf magi
  7 water moccasins
  4 agate snails
  7 eyes of draining
  3 boulder beetles
  5 jellyfish
  36 killer bees
  A wight (D:13)
  A lava fish (D:25)
  7 electric eels
  2 big kobold skeletons
  5 crimson imps
  A spider (D:13)
  3 quasits
  8 orc priests
  2 shadows
  3 big fish
  A gnoll shaman (D:5)
  5 hounds
  3 iron imps
  2 scorpions
  15 deep elf soldiers
  6 iguanas
  7 orc wizards
  5 worker ants
  12 porcupines
  3 orange rats
  A sheep (D:20)
  A worm zombie (D:8)
  Ijyb (D:6)
  Jessica (D:3)
  9 jellies
  Terence (D:3)
  A mummy (D:25)
  17 adders
  43 green rats
  2 giant centipedes
  An iguana zombie (D:8)
  4 lemures
  4 white imps (Abyss)
  14 gnolls
  5 midges
  3 shadow imps
  32 ufetubi
  3 worms
  3 grey rats
  7 giant eyeballs
  6 giant geckos
  4 oozes
  22 orcs
  5 ball pythons
  7 giant cockroaches
  20 hobgoblins
  17 jackals
  8 quokkas
  33 bats
  5 giant newts
  A giant spore (D:6)
  16 goblins
  2 hobgoblin zombies
  4 illusory rakshasas (D:19)
  A jackal skeleton (D:7)
  49 kobolds
  20 rats
  A rat zombie (D:8)
  5 ballistomycetes
  3 bushes
  2 butterflies
  49 fungi
  16 plants
  66 toadstools
1237 creatures vanquished.

Vanquished Creatures (collateral kills)
  Saint Roka (D:17)
  Boris (D:25)
  Norris (D:17)
  Nikola (D:15)
  2 liches
  Kirke (D:15)
  A sphinx (D:22)
  2 acid blobs (Slime:3)
  Aizul (D:14)
  Wiglaf (D:24)
  Louise (D:17)
  2 fire giants
  A tentacled monstrosity (D:27)
  Maud (D:14)
  8 stone giants
  A storm dragon zombie (D:22)
  2 great orbs of eyes
  17 yaktaur captains
  A death ooze (Slime:3)
  A storm dragon skeleton (D:24)
  4 ogre magi
  An ice dragon (D:21)
  7 hydras
  A sphinx zombie (D:20)
  A rakshasa (D:19)
  8 deep trolls
  2 death yaks (Lair:5)
  A fire giant zombie (D:20)
  7 very ugly things
  9 centaur warriors
  2 frost giant skeletons
  A sun demon (Lair:8)
  An ice devil (D:23)
  3 stone giant skeletons
  5 skeletal warriors (D:16)
  2 iron trolls
  6 orc knights
  9 deep elf knights
  5 flayed ghosts
  6 hill giants
  6 hell knights
  6 orc sorcerers
  7 harpies
  A necromancer (D:21)
  6 giant amoebae
  3 red wasps
  2 griffons
  A hydra skeleton (D:21)
  A shining eye (Slime:3)
  5 cyclopes
  A spiny worm (D:23)
  2 phantasmal warriors (D:26)
  4 fire crabs
  A stone golem (D:15)
  Maurice (D:8)
  2 elephant slugs
  A feature mimic (D:22)
  A wolf spider (D:13)
  An ettin zombie (D:22)
  A black mamba (Lair:8)
  A moth of wrath (D:27)
  3 elephants
  A dragon skeleton (Abyss)
  22 yaktaurs
  2 ettin skeletons
  An orange demon (Lair:8)
  17 slime creatures
  29 ugly things
  2 hill giant zombies
  2 rock trolls
  Psyche (Elf:2)
  An iron devil (Orc:4)
  3 hellwings (Lair:8)
  9 trolls
  A komodo dragon (Lair:8)
  2 smoke demons (Abyss)
  4 two-headed ogres
  A redback (D:25)
  A rock troll skeleton (D:26)
  4 hairy devils
  A grizzly bear (shapeshifter) (Elf:1)
  3 blue devils
  4 fire elementals (D:17)
  19 yaks
  3 wyverns
  A vampire (D:25)
  A wraith (D:14)
  A fire drake (Lair:8)
  A ynoxinul (D:23)
  14 vampire mosquitoes
  4 deep elf conjurers
  3 neqoxecs
  2 hippogriffs (Lair:8)
  3 hogs (D:15)
  3 deep elf summoners
  An elf (shapeshifter) (D:20)
  An item mimic (D:15)
  A golden eye (Slime:3)
  10 deep elf fighters
  A soldier ant (D:22)
  A mottled dragon (D:20)
  A rock worm (D:20)
  3 freezing wraiths
  A phantom (D:8)
  A necrophage (D:20)
  5 ice beasts (D:13)
  A slave (D:8)
  3 yaktaur skeletons
  3 cyclops skeletons
  A yellow wasp (D:11)
  A sky beast (D:9)
  A red devil (Lair:8)
  8 hell hounds
  A giant goldfish (Lair:5)
  3 deep elf priests
  20 ogres
  10 orc warriors
  4 boring beetles
  A troll zombie (D:15)
  6 wargs
  5 crocodiles
  8 deep elf magi
  A troll skeleton (D:23)
  A centaur (shapeshifter) (D:22)
  18 centaurs
  2 rotting devils
  2 giant slugs
  2 water moccasins
  7 giant frogs
  A lava worm (D:20)
  A water moccasin zombie (Lair:8)
  3 agate snails
  5 big kobolds (D:7)
  A basilisk skeleton (D:25)
  3 elf zombies
  6 boulder beetles
  3 wights (D:13)
  4 lava fish (D:25)
  An eye of draining (Slime:3)
  15 killer bees
  A killer bee zombie (D:15)
  2 crimson imps
  A jellyfish (Lair:5)
  A crocodile zombie (Lair:8)
  5 shadows
  3 lava snakes
  3 goliath beetles
  2 big fish
  3 hounds
  12 orc priests
  2 iguanas
  A quasit (D:9)
  2 scorpions
  5 worker ants
  16 orc wizards
  2 porcupines
  5 deep elf soldiers (Elf:1)
  2 orange rats (D:25)
  2 sheep
  A boggart (D:20)
  4 jellies
  A mummy (D:15)
  A gnoll (D:8)
  9 green rats
  6 adders
  A giant centipede (D:16)
  4 lemures
  A midge (Abyss)
  3 shadow imps
  A white imp (Elf:2)
  2 worms
  11 ufetubi
  2 grey rats
  2 giant eyeballs
  3 giant geckos
  2 oozes
  An orc (shapeshifter) (D:16)
  45 orcs
  2 ball pythons
  4 giant cockroaches
  12 hobgoblins
  A human (shapeshifter) (D:21)
  A jackal (Lair:5)
  9 bats
  2 giant newts
  9 goblins
  An illusory rakshasa (D:19)
  12 kobolds
  An orc skeleton (D:7)
  3 orc zombies
  4 quokkas
  11 rats
  A ballistomycete (D:16)
  2 bushes
  A crawling corpse (D:22)
  13 fungi
  6 plants
  6 toadstools
800 creatures vanquished.

Vanquished Creatures (others)
  An orc warlord (D:27)
  2 human zombies
  A stone giant zombie (D:24)
  A deep elf knight (Elf:2)
  A sea snake (Abyss)
  A wizard (D:16)
  A death yak zombie (Lair:8)
  5 orc knights
  A hydra zombie (D:17)
  7 orc sorcerers
  A griffon skeleton (D:15)
  A yaktaur (D:26)
  A hill giant zombie (D:16)
  An ogre zombie (D:25)
  A smoke demon (D:16)
  A spiny frog zombie (Lair:8)
  2 hairy devils
  2 iguanas
  An elephant zombie (Lair:8)
  4 yaks
  A deep elf conjurer (Elf:4)
  2 hog zombies (D:15)
  A ynoxinul (D:25)
  A yaktaur zombie (D:20)
  A komodo dragon zombie (Lair:8)
  A giant slug zombie (Lair:8)
  2 small abominations
  A deep elf priest (D:22)
  2 yak zombies (Lair:8)
  5 centaur zombies
  A water moccasin (Lair:8)
  A water moccasin zombie (Lair:8)
  16 orc warriors
  22 orc priests
  25 orc wizards
  A worm zombie (D:17)
  2 elf zombies (Elf:1)
  An elf skeleton (Elf:2)
  A scorpion zombie (D:16)
  A midge (D:25)
  2 adder zombies (Lair:8)
  114 orcs
  2 bats (D:25)
  2 goblins
  3 jackals
  3 giant spores
  6 orc zombies
  2 rats
  3 butterflies (Elf:4)
  A crawling corpse (D:22)
  4 fungi
  3 plants
  277 toadstools
546 creatures vanquished.

Grand Total: 2583 creatures vanquished

Notes
Turn   | Place    | Note
--------------------------------------------------------------
     0 | D:1      | EclecticTastes, the Hill Orc Priest, began the quest for the Orb.
     0 | D:1      | Reached XP level 1. HP: 17/17 MP: 3/3
   148 | D:1      | Reached XP level 2. HP: 24/24 MP: 5/5
   392 | D:1      | Acquired Beogh's second power
   695 | D:2      | Reached XP level 3. HP: 20/30 MP: 7/7
   725 | D:2      | Found a radiant altar of Vehumet.
   725 | D:2      | Found a bloodstained altar of Trog.
   958 | D:2      | Found an ancient bone altar of Kikubaaqudgha.
  1013 | D:2      | Found a snail-covered altar of Cheibriados.
  1255 | D:2      | Reached skill level 1 in Armour
  1357 | D:3      | Noticed Terence
  1371 | D:3      | Killed Terence
  1371 | D:3      | Reached XP level 4. HP: 24/37 MP: 9/9
  1617 | D:3      | Noticed Jessica
  1644 | D:3      | Killed Jessica
  1644 | D:3      | Reached skill level 5 in Axes
  1788 | D:3      | Reached XP level 5. HP: 42/44 MP: 11/11
  1796 | D:3      | Acquired Beogh's third power
  2062 | D:3      | Noticed Grinder
  2068 | D:3      | Paralysed by Grinder for 5 turns
  2096 | D:3      | Killed Grinder
  2096 | D:3      | Reached XP level 6. HP: 18/51 MP: 13/13
  2268 | D:4      | Reached XP level 7. HP: 22/58 MP: 15/15
  2723 | D:4      | Noticed rott3nappl3s' ghost (experienced MiFi)
  2749 | D:4      | Killed rott3nappl3s' ghost
  2749 | D:4      | Reached skill level 5 in Fighting
  2749 | D:4      | Reached skill level 7 in Axes
  2749 | D:4      | Reached skill level 5 in Armour
  2749 | D:4      | Reached XP level 8. HP: 39/66 MP: 17/17
  2976 | D:5      | Entered Level 5 of the Dungeon
  3303 | D:5      | Found a staircase to the Ecumenical Temple.
  3406 | D:5      | Gained Wargath as an ally
  3504 | D:5      | Got a shield-shaped amulet
  3591 | D:5      | Found a deep blue altar of Sif Muna.
  3645 | D:5      | Your ally Wargath died
  3739 | D:5      | Acquired Beogh's fourth power
  3961 | D:6      | Identified the brooch of Shielding {AC+4 EV+4} (You found it on level 5 of the Dungeon)
  4031 | D:6      | Noticed Ijyb
  4037 | D:6      | Killed Ijyb
  4162 | D:6      | Reached skill level 8 in Axes
  4162 | D:6      | Reached skill level 1 in Traps & Doors
  4162 | D:6      | Reached XP level 9. HP: 69/72 MP: 18/18
  4340 | D:6      | Noticed Menkaure
  4375 | D:6      | HP: 2/72 [Menkaure/nerve-wracking pain (5)]
  4376 | D:6      | Killed Menkaure
  4376 | D:6      | Reached skill level 1 in Stabbing
  5299 | D:6      | Gained Grimold as an ally
  5479 | D:7      | Found a staircase to the Orcish Mines.
  5833 | D:7      | Reached skill level 1 in Shields
  5839 | D:7      | Reached skill level 9 in Axes
  5890 | D:7      | Reached XP level 10. HP: 73/81 MP: 19/19
  6073 | Orc:1    | Entered Level 1 of the Orcish Mines
  6133 | D:8      | Noticed Edmund
  6142 | D:8      | Killed Edmund
  6220 | D:8      | Acquired Beogh's fifth power
  6354 | D:8      | Noticed Maurice
  6384 | D:8      | Killed Maurice
  6384 | D:8      | Reached skill level 10 in Axes
  6499 | D:8      | Your ally Grimold died
  6789 | D:8      | Gained Ogrik as an ally
  6793 | D:8      | Found a sand-covered staircase.
  6942 | D:8      | Noticed Pikel
  6951 | D:8      | Killed Pikel
  7065 | D:8      | Found a radiant altar of Vehumet.
  7640 | Orc:2    | Found a roughly hewn altar of Beogh.
  7695 | Orc:2    | Found an iron altar of Okawaru.
  8152 | Orc:4    | Entered Level 4 of the Orcish Mines
  8199 | Orc:3    | Found Oceung's Armour Shop.
  8283 | Orc:3    | Found a staircase to the Elven Halls.
  8523 | Orc:4    | Gained Agrik as an ally
  8678 | Orc:4    | Reached skill level 5 in Shields
  8836 | Orc:4    | Gained Arkwar as an ally
  8863 | Orc:4    | Reached XP level 11. HP: 37/91 MP: 21/21
  8864 | Orc:4    | Found a roughly hewn altar of Beogh.
  8865 | Orc:4    | Reached skill level 11 in Axes
  8911 | Orc:4    | Found Faub's Assorted Antiques.
  8916 | Orc:4    | Paralysed by an orc sorcerer for 5 turns
  8939 | Orc:4    | Found Qionuta's Magical Wand Shop.
  9014 | Orc:4    | Found Sheatogu's Antique Weapon Shop.
  9048 | Orc:4    | Found Cucwiac's Magic Scroll Emporium.
  9064 | Orc:4    | Bought a scroll of enchant armour for 99 gold pieces
  9064 | Orc:4    | Bought a scroll of identify for 36 gold pieces
  9717 | Elf:1    | Entered Level 1 of the Elven Halls
 10035 | Elf:1    | Gained Margrim as an ally
 10043 | Elf:1    | Your ally Margrim died
 10198 | Elf:1    | Reached skill level 10 in Fighting
 10542 | Elf:1    | Reached skill level 10 in Armour
 10828 | Elf:2    | Noticed Urug
 10950 | Elf:2    | Noticed Jozef
 11989 | D:9      | Reached skill level 12 in Axes
 12236 | D:9      | Gained Learuk as an ally
 12477 | D:9      | Found a sparkling altar of Nemelex Xobeh.
 12638 | D:9      | Found a white marble altar of Elyvilon.
 13017 | D:10     | Entered Level 10 of the Dungeon
 13089 | D:10     | Found a portal to a secret trove of treasure.
 13140 | D:10     | Gained Gorg as an ally
 13993 | Orc:4    | Bought 3 scrolls of remove curse for 162 gold pieces
 13993 | Orc:4    | Bought a scroll of remove curse for 54 gold pieces
 13993 | Orc:4    | Bought a scroll of teleportation for 54 gold pieces
 13993 | Orc:4    | Bought a scroll of remove curse for 54 gold pieces
 13993 | Orc:4    | Bought a scroll of remove curse for 54 gold pieces
 14039 | Orc:4    | Bought a scroll of remove curse for 90 gold pieces
 14039 | Orc:4    | Bought a square brass amulet for 750 gold pieces
 14494 | D:9      | Reached XP level 12. HP: 94/101 MP: 22/22
 14651 | D:11     | Noticed an agate snail
 14652 | D:11     | Found a staircase to the Lair.
 14665 | D:11     | Gained Gorg as an ally
 14668 | D:11     | Killed an agate snail
 14668 | D:11     | Gained Thorok as an ally
 15118 | D:11     | Gained Bogwald as an ally
 15118 | D:11     | Reached skill level 5 in Traps & Doors
 15649 | D:12     | Found a gateway to a ziggurat.
 16558 | D:13     | Found a frozen archway.
 16981 | D:13     | Reached skill level 13 in Axes
 17101 | D:13     | Paralysed by a giant eyeball for 4 turns
 17154 | D:13     | Noticed Grum
 17166 | D:13     | Killed Grum
 17284 | D:13     | Paralysed by a giant eyeball for 2 turns
 17722 | D:13     | Noticed a boring beetle
 17734 | D:13     | Noticed a boring beetle
 17751 | D:13     | Killed a boring beetle
 17843 | D:13     | Killed a boring beetle
 18033 | D:13     | Gained Bogwik as an ally
 18397 | D:14     | Entered Level 14 of the Dungeon
 18459 | D:14     | Noticed Maud
 18471 | D:14     | Killed Maud
 18510 | D:14     | Found a staircase to the Vaults.
 18542 | D:14     | Reached XP level 13. HP: 103/111 MP: 23/23
 18573 | D:14     | Noticed Aizul
 18581 | D:14     | Your ally Bogwald died
 18582 | D:14     | Your ally Thorok died
 18586 | D:14     | Your ally Learuk died
 18590 | D:14     | Killed Aizul
 18590 | D:14     | Reached skill level 10 in Shields
 18709 | D:14     | Found a gateway to a bazaar. 18719
                  | bazaar
                  | Entered a bazaar 18727
                  | bazaar
                  | Found Kluoten's Jewellery Boutique. 18733
                  | bazaar
                  | Bought an uncursed ring of see invisible for 255 gold pieces 18751
                  | bazaar
                  | Found Schequas' Antique Armour Shoppe. 18774
                  | bazaar
                  | Found Cadwiz's Book Boutique. 18797
                  | bazaar
                  | Found Qaunlux's Antique Weapon Emporium.
 18884 | D:14     | Reached skill level 14 in Axes
 19342 | D:15     | Entered Level 15 of the Dungeon
 19365 | D:15     | Noticed Kirke
 19379 | D:15     | Gained Bogwald as an ally
 19385 | D:15     | Your ally Bogwald died
 19387 | D:15     | Killed Kirke
 19488 | D:15     | Gained Gorbash as an ally
 19740 | D:15     | Found Faaxaul's Magic Scroll Shop.
 19754 | D:15     | Noticed Snorg
 19757 | D:15     | Bought a scroll of enchant weapon II for 60 gold pieces
 19764 | D:15     | Killed Snorg
 19924 | D:15     | Noticed Nikola
 19941 | D:15     | Killed Nikola
 19968 | D:15     | Found a flagged portal. 19986
                  | bailey
                  | Entered the bailey 20136
                  | bailey
                  | Gained Wulfoc as an ally 20136
                  | bailey
                  | Gained Rocco as an ally 20207
                  | bailey
                  | Gained Oruk as an ally
 20494 | D:16     | Your ally Wulfoc died
 20494 | D:16     | Your ally Oruk died
 20501 | D:16     | Gained Arbeogh as an ally
 20535 | D:16     | Noticed a deep elf death mage
 20550 | D:16     | Killed a deep elf death mage
 20559 | D:16     | Your ally Arbeogh died
 20650 | D:16     | Got a colourful book
 20897 | D:16     | Reached XP level 14. HP: 115/122 MP: 24/24
 20900 | D:16     | Reached skill level 15 in Axes
 21160 | D:16     | Identified Roxanne's Tome of Ashen Transmutation (You found it on level 16 of the Dungeon)
 21443 | D:16     | Found a shimmering altar of Xom.
 21463 | D:16     | Found a shimmering altar of Xom.
 21464 | D:16     | Found a shimmering altar of Xom.
 21465 | D:16     | Found a shimmering altar of Xom.
 21468 | D:16     | Found a shimmering altar of Xom.
 21526 | D:16     | Noticed Erica
 21531 | D:16     | Killed Erica
 22121 | D:17     | Noticed Norris
 22155 | D:17     | Paralysed by it for 2 turns
 22163 | D:17     | Paralysed by it for 6 turns
 22173 | D:17     | Paralysed by it for 6 turns
 22181 | D:17     | Paralysed by it for 2 turns
 22235 | D:17     | HP: 5/124 [Norris/long sword (16)]
 22239 | D:17     | Killed Norris
 22248 | D:17     | Your ally Norris died
 22421 | D:17     | Noticed Azrael
 22421 | D:17     | Noticed a fire elemental
 22422 | D:17     | Noticed a fire elemental
 22422 | D:17     | Noticed a fire elemental
 22433 | D:17     | Noticed a fire elemental
 22435 | D:17     | Killed a fire elemental
 22438 | D:17     | Your ally Gorg died
 22440 | D:17     | Killed a fire elemental
 22440 | D:17     | Your ally Rocco died
 22440 | D:17     | Your ally Bogwik died
 22443 | D:17     | Noticed a fire elemental
 22444 | D:17     | Killed a fire elemental
 22446 | D:17     | Killed Azrael
 22446 | D:17     | Killed a fire elemental
 22447 | D:17     | Killed a fire elemental
 22513 | D:17     | Noticed Louise
 22534 | D:17     | You are cast into the Abyss!
 22534 | D:17     | Cast into the Abyss (Louise)
 22534 | Abyss    | Entered The Abyss
 22655 | Abyss    | Noticed a soul eater
 22677 | Abyss    | Gained mutation: Space occasionally distorts in your vicinity.
 22684 | Abyss    | Gained mutation: You are clumsy (Dex -1).
 22685 | Abyss    | Gained mutation: Your body is slowly deteriorating.
 22750 | Abyss    | Gained mutation: You tend to lose your temper in combat.
 22796 | Abyss    | Gained mutation: You are frail (-10% HP).
 22797 | Abyss    | Killed a soul eater
 22797 | Abyss    | Reached skill level 16 in Axes
 22883 | Abyss    | Found a sparkling altar of Nemelex Xobeh.
 23061 | D:17     | You pass through the gate.
 23074 | D:17     | Killed Louise
 23074 | D:17     | Reached skill level 15 in Fighting
 23195 | D:17     | Lost mutation: Your body is slowly deteriorating.
 23195 | D:17     | Lost mutation: You are frail (-10% HP).
 23195 | D:17     | Lost mutation: You tend to lose your temper in combat.
 23195 | D:17     | Lost mutation: You are clumsy (Dex -1).
 23195 | D:17     | Lost mutation: Space occasionally distorts in your vicinity.
 23261 | D:17     | Reached XP level 15. HP: 133/133 MP: 25/25
 23349 | D:17     | Noticed Saint Roka
 23380 | D:17     | Killed Saint Roka
 23713 | D:17     | Was placed under penance by Beogh
 23820 | D:17     | Your ally Gorbash died
 23839 | D:17     | Your ally Gorg died
 24464 | D:18     | Found Woikir's Armour Emporium.
 25218 | D:18     | Was forgiven by Beogh
 25271 | D:18     | Gained Bogric as an ally
 25460 | D:18     | Identified 2 scrolls of acquirement
 25467 | D:18     | Identified a +0 cloak of preservation (You acquired it on level 18 of the Dungeon)
 26112 | D:18     | You fall through a shaft!
 26112 | D:20     | Entered Level 20 of the Dungeon
 26485 | D:20     | Gained Gorm as an ally
 26992 | D:20     | Gained Ugbert as an ally
 27025 | D:20     | Gained Borgoth as an ally
 27080 | D:20     | Reached skill level 17 in Axes
 27141 | D:20     | Your ally Borgoth died
 27142 | D:20     | Paralysed by a giant eyeball for 4 turns
 27151 | D:20     | Paralysed by a giant eyeball for 4 turns
 27160 | D:20     | Paralysed by a giant eyeball for 4 turns
 27166 | D:20     | Reached skill level 15 in Armour
 27166 | D:20     | Reached XP level 16. HP: 99/144 MP: 26/26
 27433 | D:20     | Your ally Ugbert died
 27435 | D:20     | Gained Bogwik as an ally
 27463 | D:20     | Your ally Gorm died
 27784 | D:20     | Paralysed by an ogre mage for 5 turns
 28422 | D:19     | Found a labyrinth entrance.
 28446 | Lab      | Entered a Labyrinth
 30311 | Lab      | Got a sapphire ring
 30323 | Lab      | Got a pair of ichor-stained gloves
 30323 | Lab      | Got a heavily jewelled robe
 30327 | Lab      | Identified the +1 pair of gloves "Jamootuy" (You found it in a Labyrinth)
 30341 | Lab      | Identified the +0 robe of the Carpenter (You found it in a Labyrinth)
 31142 | D:19     | Gained Morun as an ally
 31952 | D:21     | Gained Brandogh as an ally
 32006 | D:21     | Gained Herok as an ally
 32182 | D:21     | Noticed Margery
 32199 | D:21     | Killed Margery
 32199 | D:21     | Reached XP level 17. HP: 90/152 MP: 27/27
 32209 | D:21     | Gained Brandogh as an ally
 32291 | D:21     | Paralysed by a great orb of eyes for 3 turns
 32299 | D:21     | Reached skill level 10 in Traps & Doors
 32327 | D:21     | Reached skill level 15 in Shields
 32339 | D:21     | Found a gateway to Hell.
 32395 | D:21     | Your ally Bogric died
 32554 | D:21     | Found a one-way gate leading to the halls of Pandemonium.
 32664 | D:21     | Got a colourful book
 32919 | D:22     | Reached skill level 18 in Axes
 33157 | D:22     | Paralysed by a sphinx for 2 turns
 33205 | D:22     | Noticed a deep elf conjurer
 33205 | D:22     | Noticed a deep elf priest
 33206 | D:22     | Noticed a deep elf summoner
 33206 | D:22     | Noticed a deep elf mage
 33206 | D:22     | Noticed a deep elf priest
 33215 | D:22     | Killed a deep elf conjurer
 33219 | D:22     | Killed a deep elf priest
 33229 | D:22     | Killed a deep elf summoner
 33230 | D:22     | Killed a deep elf mage
 33237 | D:22     | Killed a deep elf priest
 33892 | D:23     | Found Psin's Armour Emporium.
 33943 | D:23     | Found a one-way gate to the infinite horrors of the Abyss.
 34145 | D:23     | Identified the ring of the Mage {Int+3} (You found it in a Labyrinth)
 34816 | D:23     | Reached XP level 18. HP: 151/163 MP: 29/29
 34936 | D:24     | Found a magical portal.
 35188 | D:24     | Found Sanuwk's Jewellery Boutique.
 35200 | D:24     | Noticed Wiglaf
 35209 | D:24     | Killed Wiglaf
 35217 | D:24     | Bought the amulet of Summer {rCorr +Inv MR Str-2} for 573 gold pieces
 35217 | D:24     | Bought the amulet "Wilunwen" {cFly +Inv +Lev MR} for 645 gold pieces
 35217 | D:24     | Bought an uncursed ring of sustain abilities for 262 gold pieces
 36014 | D:25     | Entered Level 25 of the Dungeon
 36073 | D:25     | Gained Agrik as an ally
 36159 | D:25     | Found Kleugeho's Antique Armour Emporium.
 36180 | D:25     | Your ally Herok died
 36207 | D:25     | Bought a runed wizard hat for 107 gold pieces
 36516 | D:25     | Noticed a guardian serpent
 36516 | D:25     | a swamp dragon changed into a guardian serpent
 36517 | D:25     | a guardian serpent changed into a boring beetle
 36519 | D:25     | Paralysed by an ogre mage for 4 turns
 36562 | D:25     | Noticed Boris
 36572 | D:25     | HP: 2/157 [Boris/iron shot (50)]
 36585 | D:25     | Killed Boris
 38542 | D:26     | Reached skill level 19 in Axes
 38573 | D:26     | Reached XP level 19. HP: 144/160 MP: 30/30
 39054 | D:27     | Entered Level 27 of the Dungeon
 39159 | D:27     | Reached skill level 10 in Invocations
 39395 | D:27     | Noticed Frances
 39412 | D:27     | Killed Frances
 39426 | D:27     | Your ally Bogwik died
 41196 | Elf:2    | Your ally Arkwar died
 41198 | Elf:2    | Killed Jozef
 41214 | Elf:2    | Killed Urug
 41217 | Elf:2    | Your ally Ogrik died
 41318 | Elf:2    | Found Blaeclywn's Food Emporium.
 41332 | Elf:2    | Got a yellowed book
 41340 | Elf:2    | Reached XP level 20. HP: 171/171 MP: 32/32
 41341 | Elf:2    | Paralysed by a potion of paralysis for 7 turns
 41415 | Elf:2    | Gained mutation: Your mind is acute (Int +1).
 41417 | Elf:2    | Lost mutation: Your mind is acute (Int +1).
 41419 | Elf:2    | Gained mutation: Your muscles are flexible, but weak (Str -1, Dex +1).
 41422 | Elf:2    | Paralysed by a potion of paralysis for 6 turns
 41608 | Elf:2    | Gained Bogward as an ally
 41624 | Elf:2    | Killed Psyche
 41723 | Elf:2    | Bought a bread ration for 48 gold pieces
 41723 | Elf:2    | Bought a bread ration for 48 gold pieces
 41723 | Elf:2    | Bought a bread ration for 48 gold pieces
 41723 | Elf:2    | Bought a bread ration for 48 gold pieces
 41723 | Elf:2    | Bought 10 sultanas for 12 gold pieces
 41985 | Elf:2    | Your ally Jozef died
 42063 | Elf:3    | Noticed Sonja
 42073 | Elf:3    | Killed Sonja
 42247 | Elf:3    | Found Ywueg's Distillery.
 42257 | Elf:3    | Bought a potion of speed for 71 gold pieces
 42257 | Elf:3    | Bought a potion of curing for 26 gold pieces
 42257 | Elf:3    | Bought a potion of curing for 26 gold pieces
 42257 | Elf:3    | Bought a potion of porridge for 13 gold pieces
 42257 | Elf:3    | Bought a potion of heal wounds for 39 gold pieces
 42257 | Elf:3    | Bought a potion of curing for 26 gold pieces
 42257 | Elf:3    | Bought a potion of heal wounds for 39 gold pieces
 42336 | Elf:3    | Found Shrump's Food Emporium.
 42426 | Elf:3    | Found Blayll's Assorted Antiques.
 42437 | Elf:3    | Bought a bread ration for 52 gold pieces
 42437 | Elf:3    | Bought a bread ration for 52 gold pieces
 42437 | Elf:3    | Bought a meat ration for 52 gold pieces
 42437 | Elf:3    | Bought a meat ration for 52 gold pieces
 42437 | Elf:3    | Bought a bread ration for 52 gold pieces
 42437 | Elf:3    | Bought a meat ration for 52 gold pieces
 42463 | Elf:3    | Bought an orcish cloak for 24 gold pieces
 42526 | Elf:3    | Found Ycaot's Weapon Shoppe.
 43336 | Elf:4    | Gained Nordag as an ally
 43346 | Elf:4    | Reached XP level 19. HP: 137/163 MP: 31/31
 43528 | Elf:4    | Your ally Nordag died
 43644 | Elf:4    | Reached XP level 20. HP: 169/172 MP: 32/32
 43693 | Elf:4    | Reached XP level 19. HP: 159/163 MP: 31/31
 43799 | Elf:2    | Your ally Urug died
 43983 | Lair:1   | Entered Level 1 of the Lair of Beasts
 44190 | Lair:1   | Got a slimy ivory ring
 44328 | Lair:1   | Noticed Harold
 44341 | Lair:1   | Killed Harold
 44476 | Lair:1   | Gained Bogwik as an ally
 44512 | Lair:1   | Your ally Bogwik died
 44516 | Lair:1   | Reached XP level 20. HP: 124/172 MP: 32/32
 44543 | Lair:1   | Gained Bogwik as an ally
 44932 | Lair:2   | Identified the ring "Caejeowuj" (You found it on level 1 of the Lair of Beasts)
 45229 | Lair:3   | Found a white marble altar of Elyvilon.
 45266 | Lair:3   | Your ally Bogwik died
 46563 | Lair:4   | Got a faintly humming crystal plate armour
 46564 | Lair:4   | Identified the +0 crystal plate armour of Supple Strength (You acquired it on level 4 of the Lair of Beasts)
 46575 | Lair:4   | Found a staircase to the Snake Pit.
 46789 | Lair:4   | Gained Herok as an ally
 46904 | Lair:5   | Your ally Herok died
 47028 | Lair:5   | Found a staircase to the Shoals.
 47189 | Lair:5   | Gained Bogwald as an ally
 47467 | Lair:5   | Your ally Bogwald died
 49003 | Lair:7   | Gained Bolgrim as an ally
 49204 | Lair:7   | Gained Norbak as an ally
 49247 | Lair:7   | Gained Morguth as an ally
 49843 | Lair:8   | Entered Level 8 of the Lair of Beasts
 49942 | Lair:8   | Found a viscous altar of Jiyva.
 49943 | Lair:8   | Found a staircase to the Slime Pits.
 50726 | Lair:8   | Reached skill level 20 in Axes
 50865 | Lair:8   | Found a burning altar of Makhleb.
 50890 | Lair:8   | Your ally Morguth died
 50894 | Lair:8   | Your ally Bolgrim died
 51797 | Slime:1  | Entered Level 1 of the Pits of Slime
 51828 | Slime:1  | Your ally Norbak died
 51829 | Slime:1  | Reached XP level 21. HP: 174/185 MP: 33/33
 51997 | Slime:3  | Gained mutation: You are frail (-10% HP).
 51998 | Slime:3  | Gained mutation: You are dopey (Int -1).
 52432 | Slime:3  | Gained mutation: Armour fits poorly on your strangely shaped body.
 52487 | Slime:3  | Noticed Dissolution
 52494 | Slime:3  | Paralysed by a giant eyeball for 3 turns
 52497 | Slime:3  | Gained Ortolf as an ally
 52508 | Slime:3  | Paralysed by a giant eyeball for 2 turns
 52516 | Slime:3  | Paralysed by a giant eyeball for 3 turns
 52530 | Slime:3  | Paralysed by a giant eyeball for 4 turns
 52539 | Slime:3  | Killed Dissolution
 52542 | Slime:3  | Paralysed by a giant eyeball for 3 turns
 52737 | Slime:3  | Your ally Ortolf died
 52859 | Slime:3  | Gained mutation: Your muscles are strong (Str +1).
 53111 | Slime:4  | Gained mutation: You are very frail (-20% HP).
 53158 | Slime:4  | Lost mutation: Your muscles are strong (Str +1).
 53464 | Slime:5  | Gained mutation: Your vision is a little blurry.
 53497 | Slime:5  | Was placed under penance by Beogh
 53665 | Slime:5  | Gained mutation: You are weak (Str -1).
 53743 | Slime:6  | Entered Level 6 of the Pits of Slime
 53747 | Slime:6  | Paralysed by a giant eyeball for 3 turns
 53756 | Slime:6  | Paralysed by a giant eyeball for 3 turns
 53763 | Slime:6  | Paralysed by a giant eyeball for 4 turns
 53781 | Slime:6  | Paralysed by a giant eyeball for 2 turns
 54092 | Slime:6  | Was forgiven by Beogh
 54230 | Slime:6  | Reached XP level 22. HP: 146/155 MP: 35/35
 54424 | Slime:6  | Found a viscous altar of Jiyva.
 54451 | Slime:6  | Paralysed by a giant eyeball for 2 turns
 54461 | Slime:6  | Paralysed by a giant eyeball for 3 turns
 54489 | Slime:6  | Slain by an acid blob
